 Dungeon Crawl Stone Soup version 0.30-a0-847-g17996783a1 (webtiles) character file.

Game seed: 437074316917416952

149 Darius099 the Chopper (level 5, -2/46 HPs)
             Began as a Minotaur Fighter on Mar 3, 2023.
             Slain by Eustachio
             ... wielding a +2 falchion of freezing
              (3 damage)
             ... on level 4 of the Dungeon.
             The game lasted 00:08:19 (2075 turns).

Darius099 the Chopper (Minotaur Fighter)            Turns: 2075, Time: 00:08:20

Health: -2/46      AC:  8    Str: 28    XL:     5   Next: 9%
Magic:  4/4        EV:  9    Int:  5    God:
Gold:   152        SH:  4    Dex: 10    Spells: 4/4 levels left

rFire   . . .      SeeInvis .    a - +0 war axe
rCold   . . .      Faith    .    c - +0 buckler
rNeg    . . .      Spirit   .    b - +0 scale mail
rPois   .          Reflect  .    (helmet restricted)
rElec   .          Rampage  .    (no cloak)
rCorr   .                        (no gloves)
Will    .....                    m - +0 pair of boots Stlth
                                 (no amulet)
HPRegen 0.27/turn                t - +6 ring of strength
MPRegen 0.09/turn                (no ring)

@: no status effects
A: horns 2, retaliatory headbutt
a: no special abilities


You were on level 4 of the Dungeon.
You visited 1 branch of the dungeon, and saw 4 of its levels.

You collected 152 gold pieces.

Inventory:

Hand Weapons
 a - a +0 war axe (weapon)
Missiles
 e - 38 stones (quivered)
 n - 4 poisoned darts
Armour
 b - a +0 scale mail (worn)
 c - a +0 buckler (worn)
 m - a +0 pair of boots (worn)
Jewellery
 t - a +6 ring of strength (left hand)
Wands
 q - a wand of mindburst (10)
Scrolls
 f - a scroll of identify {unknown}
 g - a scroll of poison {unknown}
 j - 2 scrolls of brand weapon {unknown}
 k - 4 scrolls of fear {unknown}
 l - a scroll of fog {unknown}
 p - a scroll of amnesia {unknown}
 r - a scroll of magic mapping {unknown}
Potions
 d - 3 potions of might
 h - 2 potions of degeneration {unknown}
 i - 5 potions of curing {unknown}
 o - 2 potions of mutation {unknown}
 s - a potion of haste {unknown}
 u - a potion of attraction {unknown}
 v - a potion of brilliance {unknown}


   Skills:
 - Level 3.8 Fighting
 + Level 6.1 Axes
 - Level 3.8 Armour
 - Level 3.8 Shields


You had 4 spell levels left.
You didn't know any spells.
Your spell library contained the following spells:

 Spells                   Type           Power      Damage    Failure   Level
 Beastly Appendage        Tmut           0%         N/A       83%         1
 Wereblood                Tmut           0%         N/A       92%         2
 Spider Form              Tmut/Pois      0%         N/A       99%         3


Dungeon Overview and Level Annotations

Branches:
Dungeon (4/15)
 Temple: D:4-7

Altars:

Annotations:
D:4 Eustachio


Innate Abilities, Weirdness & Mutations

You have a pair of horns on your head.
You reflexively headbutt those who attack you in melee.


Message History

The ufetubus hits you but does no damage.
You block something's attack.
You closely miss the ufetubus. Your headbutt misses the ufetubus.
The ufetubus is severely wounded.
You hit the shadow imp. You miss something. You closely miss the white imp.
The ufetubus barely misses you. The ufetubus misses you.
The shadow imp gestures at you. Pain shoots through your body!
The white imp gestures at you. The puff of frost misses you.
The puff of frost misses the ufetubus.
Something hits you! Something freezes you.
* * * LOW HITPOINT WARNING * * *
The ufetubus closely misses you. You furiously retaliate!
You headbutt the ufetubus!
You kill the ufetubus!
The ufetubus disappears in a puff of smoke!
You hit the shadow imp.
The shadow imp is heavily wounded.
You closely miss the white imp. You closely miss something.
The shadow imp hits you.
* * * LOW HITPOINT WARNING * * *
You block the white imp's attack. Something hits you but does no damage.
You slash something! You slash the white imp!
You kill the white imp!
The white imp disappears in a puff of smoke!
You hit the shadow imp. The shadow imp barely misses you.
You furiously retaliate!
You headbutt the shadow imp!
You kill the shadow imp!
The shadow imp disappears in a puff of smoke!
Something hits you.
* * * LOW HITPOINT WARNING * * *
Something freezes you.
* * * LOW HITPOINT WARNING * * *
You block something's attack.
You closely miss something. You headbutt something.
You hear some strange, mumbled words.
Something hits you.
* * * LOW HITPOINT WARNING * * *
Something freezes you.
You die...

....#...........# ###..
................#...#...#
...##...#......##♣.8#..##
.... ..........#...#...#
#... #........#8.♣#.).#
#...##§$......#...#....
#..b....####8.♣#....
#..{......##...#....
##.@#......>........
#####.....#........
##.....##........
##...~~.....##...#
#....⌠~....#######
##..~.~....#.##
#............##
###.....#.....#
#######.....#


You could see a bat (summoned, wandering).

Vanquished Creatures
  3 gnolls (D:4)
  4 adders
  An ufetubus (D:3)
  2 worms
  A dart slug (D:1)
  4 orcs (D:3)
  2 ball pythons
  3 bats
  7 endoplasms
  3 giant cockroaches (D:1)
  5 goblins
  2 hobgoblins (D:1)
  7 jackals
  7 kobolds
  2 quokkas
  5 frilled lizards
  11 rats
69 creatures vanquished.

Notes
Turn   | Place    | Note
-------+----------+-------------------------------------------
     0 | D:1      | Darius099 the Minotaur Fighter began the quest for the Orb.
     0 | D:1      | Reached XP level 1. HP: 19/19 MP: 0/0
    74 | D:1      | Reached XP level 2. HP: 27/27 MP: 1/1
    83 | D:1      | Reached skill level 3 in Axes
   359 | D:1      | Reached XP level 3. HP: 33/33 MP: 2/2
   487 | D:1      | Reached skill level 4 in Axes
  1406 | D:3      | Reached XP level 4. HP: 32/40 MP: 3/3
  1408 | D:3      | Reached skill level 5 in Axes
  1936 | D:4      | Reached XP level 5. HP: 26/46 MP: 4/4
  1938 | D:4      | Reached skill level 6 in Axes
  2064 | D:4      | Noticed Eustachio
  2075 | D:4      | HP: 1/46 [something (6)]
  2075 | D:4      | Slain by Eustachio

Illustrated notes

Levels and vault maps discovered:
D:1:      erik_arrival_orb_chamber, layout_basic, minmay_pentomino_z4
D:2:      layout_basic
D:3:      layout_rooms
D:4:      cheibrodos_pilgrimage, layout_cave_pools,
          palyth_temple_overflow_mages, chequers_avenue,
          corexii_leaking_fountain, uniq_menkaure, uniq_eustachio

Skill      XL: |  1  2  3  4  5 |
---------------+----------------+-----
Axes           | 3 4 5 6 |  6.1
Fighting       | |  3.8
Armour         | |  3.8
Shields        | |  3.8

Action                     |  1- 3 |  4- 6 || total
---------------------------+-------+-------++-------
  Melee: War axe           |    90 |    32 ||   122
         Headbutt          |    10 |     7 ||    17
 Armour: Scale mail        |    36 |    15 ||    51
  Dodge: Dodged            |    64 |    21 ||    85
  Block: Buckler           |    22 |    13 ||    35

Table legend: (Time is in decaauts)
 A = Elapsed time spent in this place.
 B = Non-inter-level travel time spent in this place.
 C = Inter-level travel time spent in this place.
 D = Time resting spent in this place.
 E = Time spent auto-exploring this place.
 F = Levels seen in this place.
 G = Mean time per level.
                   A        B        C        D        E       F      G
               +--------+--------+--------+--------+--------+-----+--------+
         Total |   2115 |   2077 |     38 |     96 |    406 |   4 |  528.8 |
       Dungeon |   2115 |   2077 |     38 |     96 |    406 |   4 |  528.8 |
               +--------+--------+--------+--------+--------+-----+--------+

Top non-repeatable levels by time:
     D:1: 900 daAuts
     D:2: 502 daAuts
     D:3: 501 daAuts
     D:4: 210 daAuts
